 Dungeon Crawl Stone Soup version 0.30-a0-940-ge5077277c9 (webtiles) character file.

Game seed: 8702064511934244436

266 Jossarian the Conjurer (level 6, -7/32 HPs)
             Began as a Deep Elf Conjurer on Mar 26, 2023.
             Mangled by Edmund
             ... wielding a +2 heavy flail
              (15 damage)
             ... on level 4 of the Dungeon.
             The game lasted 00:32:03 (4273 turns).

Jossarian the Conjurer (Deep Elf Conjurer)          Turns: 4273, Time: 00:32:04

Health: -7/32      AC:  4    Str:  4    XL:     6   Next: 0%
Magic:  0/16       EV: 12    Int: 25    God:
Gold:   128        SH:  0    Dex: 13    Spells: 9/16 levels left

rFire   . . .      SeeInvis .    i - staff of cold
rCold   + . .      Faith    .    (no shield)
rNeg    . . .      Spirit   .    s - +1 animal skin
rPois   .          Reflect  .    t - +0 helmet
rElec   .          Rampage  .    (no cloak)
rCorr   .                        (no gloves)
Will    .....                    (no boots)
Stlth   ++                       w - amulet of regeneration
HPRegen 1.05/turn                (no ring)
MPRegen 0.15/turn                (no ring)

@: no status effects
A: no striking features
a: no special abilities


You were on level 4 of the Dungeon.
You visited 1 branch of the dungeon, and saw 4 of its levels.

You collected 128 gold pieces.

Inventory:

Hand Weapons
 m - a +0 whip of electrocution
Missiles
 d - 45 stones
 l - 4 poisoned darts (quivered)
 n - a throwing net
Armour
 s - a +1 animal skin (worn)
 t - a +0 helmet (worn)
Magical Staves
 i - a staff of cold (weapon)
Jewellery
 w - an amulet of regeneration (around neck)
Wands
 x - a wand of iceblast (10)
Scrolls
 c - 2 scrolls of blinking
 v - a scroll of teleportation
Potions
 b - a potion of magic
 f - 3 potions of curing
 g - a potion of attraction {unknown}
 h - a potion of heal wounds {unknown}
 j - a potion of invisibility
 k - a potion of experience {unknown}


   Skills:
 + Level 0.5 Throwing
 + Level 2.7 Dodging
 + Level 3.0 Stealth
 + Level 5.8 Spellcasting
 + Level 6.3 Conjurations
 + Level 0.2 Hexes


You had 9 spell levels left.
You knew the following spells:

 Your Spells              Type           Power      Damage    Failure   Level
a - Magic Dart            Conj           100%       1d8       1%          1
b - Searing Ray           Conj           76%        2d7       1%          2
c - Fulminant Prism       Conj/Hex       11%        3d8       21%         4

Your spell library contained the following spells:

 Spells                   Type           Power      Damage    Failure   Level
 Dazzling Flash           Conj/Hex       46%        N/A       6%          3
 Sublimation of Blood     Necr           7%         N/A       12%         2
 Wereblood                Tmut           7%         N/A       12%         2
 Iskenderun's Mystic Bla  Conj/Tloc      23%        2d6       21%         4
 Summon Hydra             Summ           3%         N/A       100%        7


Dungeon Overview and Level Annotations

Branches:
Dungeon (4/15)
 Temple: D:4-7

Altars:

Annotations:
D:4 Edmund


Message History

Confirm with . or Enter, or press ? or * to list all spells.
Aiming: Searing Ray (safe; 1% risk of failure)
Press: ? - help, Shift-Dir - straight line, f/p - Edmund
Aim: Edmund, wielding a +2 heavy flail and wearing a +0 chain mail (severely wounded, 86% to hit)
The searing ray hits Edmund.
Edmund is almost dead. (Press . to maintain the ray.) Edmund barely misses you.
The searing ray misses Edmund.
Edmund hits you with a +2 heavy flail!
The searing ray hits Edmund but does no damage.
Edmund is almost dead.
The searing ray hits Edmund.
Edmund is almost dead.
You finish channelling your searing ray.
Edmund misses you.
Aiming: Iceblast
Press: ? - help, Shift-Dir - straight line, f/p - Edmund
Aim: Edmund, wielding a +2 heavy flail and wearing a +0 chain mail (almost dead)
Okay, then.
Casting: Searing Ray (safe; 1% risk of failure)
Confirm with . or Enter, or press ? or * to list all spells.
Aiming: Searing Ray (safe; 1% risk of failure)
Press: ? - help, Shift-Dir - straight line, f/p - Edmund
Aim: Edmund, wielding a +2 heavy flail and wearing a +0 chain mail (almost dead, 86% to hit)
The searing ray hits Edmund but does no damage.
Edmund is almost dead. (Press . to maintain the ray.) Edmund hits you with a +2 heavy flail!
Edmund attacks as you move away! Edmund hits you with a +2 heavy flail!
* * * LOW HITPOINT WARNING * * *
Casting: Searing Ray (safe; 1% risk of failure)
Confirm with . or Enter, or press ? or * to list all spells.
Aiming: Magic Dart (safe; 1% risk of failure)
Press: ? - help, Shift-Dir - straight line, f/p - Edmund
Aim: Edmund, wielding a +2 heavy flail and wearing a +0 chain mail (almost dead, 100% to hit)
The magic dart hits Edmund but does no damage.
Edmund is almost dead.
Edmund asks, "Have you met my wondrous brother?"
Edmund hits you with a +2 heavy flail!
You die...

#.# ##...##.# #.#
##@....#.# ##.##
##........#
####...####.........#
#......†..'..........
#.##...####.........#
#.##..## ##.......##
#...@.# ##.....##
####@## ##...## #.#
##'## #.# #.# #<# #.#
#.# ###### #.# #...P♣
#.# #.##.♣
#)#######.###♣
#...........###


You could see Edmund.

Vanquished Creatures
  An orc priest (D:3)
  An orc wizard (D:3)
  Robin (D:3)
  6 adders
  6 gnolls (D:2)
  A worm (D:3)
  2 dart slugs
  3 orcs (D:3)
  8 endoplasms
  5 giant cockroaches
  12 goblins (D:3)
  5 hobgoblins
  3 kobolds
  9 quokkas
  5 ball pythons
  5 bats
  2 frilled lizards
  6 rats
81 creatures vanquished.

Vanquished Creatures (others)
  4 fulminant prisms
  9 plants (D:4)
13 creatures vanquished.

Grand Total: 94 creatures vanquished

Notes
Turn   | Place    | Note
-------+----------+-------------------------------------------
     0 | D:1      | Jossarian the Deep Elf Conjurer began the quest for the
                  | Orb.
     0 | D:1      | Reached XP level 1. HP: 10/10 MP: 6/6
   410 | D:1      | Reached XP level 2. HP: 15/15 MP: 6/8
   431 | D:1      | Learned a level 2 spell: Searing Ray
   822 | D:1      | Reached skill level 5 in Conjurations
  1100 | D:2      | Reached XP level 3. HP: 19/19 MP: 5/10
  1359 | D:2      | Reached XP level 4. HP: 24/24 MP: 3/12
  1603 | D:2      | Reached skill level 6 in Conjurations
  2209 | D:3      | Reached XP level 5. HP: 28/28 MP: 9/13
  2414 | D:3      | Learned a level 4 spell: Fulminant Prism
  2426 | D:3      | Noticed Robin
  2472 | D:3      | Killed Robin
  3271 | D:3      | Reached skill level 5 in Spellcasting
  4247 | D:4      | Noticed Edmund
  4261 | D:4      | Reached XP level 6. HP: 32/32 MP: 9/16
  4273 | D:4      | Mangled by Edmund

Illustrated notes

Levels and vault maps discovered:
D:1:      wander_arrival_fairy_ring, layout_loops_ring, feat_on_display
D:2:      layout_basic, minivault_24, minmay_tripent
D:3:      layout_loops_corners, minmay_hedge_maze, uniq_robin
D:4:      kennysheep_kobold_camp, layout_loops_corners, uniq_pikel, uniq_edmund,
          uniq_grinder, uniq_sigmund, uniq_duvessa

Skill      XL: |  1  2  3  4  5 |
---------------+----------------+-----
Conjurations   | 5 6 |  6.3
Spellcasting   | 4 5 |  5.8
Stealth        | 3 |  3.0
Throwing       | |  0.5
Dodging        | |  2.7
Hexes          | |  0.2

Action                     |  1- 3 |  4- 6 || total
---------------------------+-------+-------++-------
  Melee: Unarmed           |     1 |       ||     1
         Staff             |       |     3 ||     3
  Throw: Stone             |       |     6 ||     6
         Dart              |       |     2 ||     2
         Throwing net      |       |     1 ||     1
   Cast: Magic Dart        |    38 |    43 ||    81
         Searing Ray       |     7 |    17 ||    24
         Fulminant Prism   |       |     4 ||     4
    Use: Scroll            |     4 |     6 ||    10
 Armour: Robe              |     1 |       ||     1
  Dodge: Dodged            |     4 |     8 ||    12

Table legend: (Time is in decaauts)
 A = Elapsed time spent in this place.
 B = Non-inter-level travel time spent in this place.
 C = Inter-level travel time spent in this place.
 D = Time resting spent in this place.
 E = Time spent auto-exploring this place.
 F = Levels seen in this place.
 G = Mean time per level.
                   A        B        C        D        E       F      G
               +--------+--------+--------+--------+--------+-----+--------+
         Total |   4272 |   2114 |   2158 |   1589 |      0 |   4 | 1068.0 |
       Dungeon |   4272 |   2114 |   2158 |   1589 |      0 |   4 | 1068.0 |
               +--------+--------+--------+--------+--------+-----+--------+

Top non-repeatable levels by time:
     D:3: 1941 daAuts
     D:2: 1096 daAuts
     D:1: 1095 daAuts
     D:4: 139 daAuts
